 Dungeon Crawl Stone Soup version 0.28.0-43-g3370ac3207 (webtiles) character file.

Game seed: 15757761214820479649

43856 boopmooplesden the Impaler (level 13, -6/124 HPs)
             Began as a Minotaur Fighter on Mar 29, 2022.
             Was a High Priest of Trog.
             Shot with an arrow by Nessos (18 damage)
             ... on level 12 of the Dungeon.
             The game lasted 00:29:59 (18836 turns).

boopmooplesden the Impaler (Minotaur Fighter)      Turns: 18836, Time: 00:29:59

Health: -6/124     AC: 27    Str: 22    XL:     13   Next: 93%
Magic:  12/12      EV: 10    Int: 11    God:    Trog [*****.]
Gold:   805        SH:  9    Dex: 14    Spells: 12/12 levels left

rFire   + + .      SeeInvis .   a - +7 trident (flame)
rCold   + . .      Faith    .   c - +2 buckler
rNeg    . . .      Spirit   .   M - +1 plate armour
rPois   +          Reflect  .   f - +1 hat of the Serpent {rC+}
rElec   .          Harm     .   w - +0 cloak
rCorr   .          Rampage  .   g - +0 pair of gloves
Will    .....                   D - +2 pair of boots
Stlth   ..........              (no amulet)
HPRegen 0.30/turn               h - ring of Autumn {Fly rPois rF+ Int+3 Stlth+}
MPRegen 0.13/turn               U - ring of the Octopus King {rF+ AC+1 EV+1 Str+1 Int+1 Dex+1}

@: lethally poisoned (-6 -> -8), on berserk cooldown, flying, slowed, very slow
A: horns 2, retaliatory headbutt
a: Renounce Religion, Berserk, Trog's Hand, Brothers in Arms


You were on level 12 of the Dungeon.
You worshipped Trog.
Trog was extremely pleased with you.
You visited 3 branches of the dungeon, and saw 19 of its levels.
You also visited: Sewer.

You collected 1427 gold pieces.
You spent 622 gold pieces at shops.

Inventory:

Hand Weapons
 a - a +7 trident of flaming (weapon)
 V - a +3 vorpal trident
 Y - the +0 whip "Demonslayer" {vorpal, Int+6}
   (You found it on level 4 of the Lair of Beasts)

   It inflicts extra damage upon your enemies.
   Int:       It affects your intelligence (+6).
Missiles
 o - 5 atropa-tipped darts (quivered)
 C - 8 javelins
 S - a throwing net
Armour
 c - a +2 buckler (worn)
 f - the +1 hat of the Serpent (worn) {rC+}
   (You acquired it on level 1 of the Dungeon)

   rC:        It protects you from cold.
 g - a +0 pair of gloves (worn)
 t - the +0 robe of Fyedd {Str+4 Int+3}
   (You found it on level 6 of the Lair of Beasts)

   Str:       It affects your strength (+4).
   Int:       It affects your intelligence (+3).
 w - a +0 cloak (worn)
 D - a +2 pair of boots (worn)
 M - a +1 plate armour (worn)
Jewellery
 h - the ring of Autumn (left hand) {Fly rPois rF+ Int+3 Stlth+}
   (You found it on level 12 of the Dungeon)

   [ring of flight]

   Int:       It affects your intelligence (+3).
   rF:        It protects you from fire.
   rPois:     It protects you from poison.
   Fly:       It grants you flight.
   Stlth:     It makes you more stealthy.
 F - the amulet "Ideehos" {Spirit rN+ Str+4 Int+3 Dex+3}
   (You bought it in a shop on level 4 of the Dungeon)

   [amulet of guardian spirit]

   It causes incoming damage to be divided between your reserves of health and
   magic.
   Str:       It affects your strength (+4).
   Int:       It affects your intelligence (+3).
   Dex:       It affects your dexterity (+3).
   rN:        It protects you from negative energy.
 K - a +6 ring of strength
 Q - an amulet of reflection
 T - a +4 ring of slaying
 U - a ring of the Octopus King (right hand) {rF+ AC+1 EV+1 Str+1 Int+1 Dex+1}
   (You found it on level 6 of the Lair of Beasts)

   [ring of protection from fire]

   AC:        It affects your AC (+1).
   EV:        It affects your evasion (+1).
   Str:       It affects your strength (+1).
   Int:       It affects your intelligence (+1).
   Dex:       It affects your dexterity (+1).
   rF:        It protects you from fire.
 X - a +6 ring of strength
Wands
 b - a wand of acid (18)
 m - a wand of digging (22)
 n - a wand of paralysis (4)
 y - a wand of flame (5)
 A - a wand of polymorph (4)
 N - a wand of charming (11)
 O - a wand of iceblast (10)
Scrolls
 e - a scroll of blinking
 i - a scroll of identify
 k - a scroll of magic mapping
 B - 4 scrolls of teleportation
 J - 2 scrolls of brand weapon
 R - a scroll of holy word
 Z - a scroll of fog
Potions
 d - 3 potions of might
 j - 5 potions of invisibility
 l - 7 potions of lignification
 q - 2 potions of magic
 r - 2 potions of degeneration
 s - a potion of cancellation
 u - 2 potions of heal wounds
 v - 4 potions of mutation
 z - 6 potions of curing
 G - 3 potions of haste
 H - 5 potions of brilliance
 I - 3 potions of attraction
 W - a potion of berserk rage
Miscellaneous
 P - a lightning rod (4/4)


   Skills:
 + Level 14.1 Fighting
 + Level 15.6 Polearms
 + Level 1.1 Throwing
 + Level 15.4 Armour
 + Level 4.2 Dodging
 + Level 2.6 Stealth
 + Level 13.2 Shields


You had 12 spell levels left.
You didn't know any spells.
Your spell library was empty.

Dungeon Overview and Level Annotations

Branches:
Dungeon (12/15)            Temple (1/1) D:4            Lair (6/6) D:8
 Shoals (0/4) Lair:3       Spider (0/4) Lair:2        Slime (0/5) Lair:5
  Sewer (visited)
    Orc: D:9-12

Altars:
Ashenzari
Dithmenos
Elyvilon
Fedhas
Hepliaklqana
Qazlal
Trog
Uskayaw
Yredelemnul
Jiyva

Shops:
D:4 =   D:9 *

Annotations:
D:12 Nessos
Lair:5 1 runed translucent door
Lair:6 exclusion: 2 oklob plants


Innate Abilities, Weirdness & Mutations

You have a pair of horns on your head.
You reflexively headbutt those who attack you in melee.


Message History

You feel sick.
Nessos mumbles some strange words.
Nessos blinks!
Nessos shoots an arrow.
The arrow barely misses you.
You feel your anger nearly subside.
You feel sick.
Nessos shoots an arrow.
The arrow hits you but does no damage.
You are no longer berserk.
You are exhausted.
You feel yourself slow down.
You feel sick.
Nessos shoots an arrow.
The arrow closely misses you.
Nessos shoots an arrow.
The arrow hits you but does no damage.
You feel sick.
You are no longer poisoned.
Nessos shoots an arrow.
The arrow hits you.
You are poisoned.
Nessos shoots an arrow.
The arrow hits you.
You feel very sick.
Nessos gestures wildly while chanting.
Nessos blinks!
Nessos shoots an arrow.
The arrow hits you!!
* * * LOW HITPOINT WARNING * * *
The arrow burns you.
* * * LOW HITPOINT WARNING * * *
Nessos pounds the earth with their hooves.
Nessos shoots an arrow.
The arrow hits you but does no damage.
You start putting on your amulet.
You continue putting on your amulet of reflection.
You feel sick.
Nessos shoots an arrow.
Keep equipping yourself? [Y]es or [N]o only, please.
Keep equipping yourself? [Y]es or [N]o only, please.
Keep equipping yourself? [Y]es or [N]o only, please.
Keep equipping yourself?
The arrow hits you but does no damage.
Nessos casts a spell.
Nessos blinks!
Nessos shoots an arrow.
The arrow barely misses you.
You continue putting on your amulet of reflection.
You feel sick.
Nessos shoots an arrow.
The arrow hits you but does no damage.
Nessos shoots an arrow.
The arrow hits you!!
You die...

#.....#....#....'....#..#..#..'..
#.....#....#....#....#..#..#..#..
####..##'####'########..#..#..###
#.............................
#........................<.)..
#...................).........
#....................)........
##################ยง.######...#
#.........@...'c.'....#...# #
#.............#..#....#..(#
#..##'###############....#####
#.........#...................
#.........#...................
#.........#............[......
#c........#...................
#.........#...................
+..c......#...................


You could see Nessos (fast).

Vanquished Creatures
  A dire elephant (Lair:6)
  5 hydras
  Harold (D:7)
  A merfolk avatar (Lair:6)
  A catoblepas (Lair:6)
  A tengu warrior (D:11)
  A sea snake (Lair:6)
  Pikel (D:5)
  2 harpies (Lair:6)
  An ugly thing (D:11)
  2 manticores (D:11)
  Maurice (D:12)
  Joseph (D:7)
  5 black mambas
  A merfolk siren (Lair:3)
  A gargoyle (D:10)
  2 rime drakes
  14 cane toads
  9 komodo dragons
  A tengu conjurer (D:11)
  6 trolls
  Grinder (D:6)
  3 hornets
  9 blink frogs
  8 polar bears
  Prince Ribbit (D:7)
  A snapping turtle (Lair:6)
  7 dream sheep (Lair:6)
  Sigmund (D:2)
  4 wyverns
  2 wraiths
  Eustachio (D:6)
  6 basilisks
  20 yaks
  Grum (Lair:1)
  2 steam dragons (Lair:6)
  Edmund (D:4)
  3 wargs
  17 water moccasins
  Duvessa (D:5)
  2 acid dragons
  A floating eye (Lair:6)
  A sky beast (D:5)
  3 ice beasts
  5 orc warriors
  38 wolves
  6 black bears
  4 centaurs
  An ogre (D:5)
  4 lemures (D:5)
  10 kobold brigands
  13 bullfrogs
  2 wyvern zombies
  4 scorpions
  Dowan (D:5)
  3 killer bees (D:9)
  An electric eel (Lair:1)
  7 howler monkeys
  A bullfrog zombie (D:5)
  4 centaur zombies
  A lava snake (Lair:1)
  A hound (D:6)
  2 jellies
  Crazy Yiuf (D:6)
  A gnoll shaman (D:5)
  A centaur skeleton (D:7)
  4 iguanas
  10 orc priests
  Jessica (D:2)
  12 orc wizards
  2 killer bee zombies
  A hound skeleton (D:4)
  3 gnolls (D:5)
  A howler monkey skeleton (D:7)
  8 adders
  2 river rats (Sewer)
  An ufetubus (D:7)
  3 worms
  4 dart slugs
  34 orcs
  2 bats
  13 endoplasms
  4 giant cockroaches
  8 goblins
  8 hobgoblins
  7 jackals (D:4)
  2 quokkas (D:3)
  11 ball pythons
  4 frilled lizards
  A jackal skeleton (D:4)
  21 kobolds
  9 rats
441 creatures vanquished.

Vanquished Creatures (collateral kills)
  A boulder beetle (D:12)
1 creature vanquished.

Vanquished Creatures (others)
  A gargoyle (D:11)
  38 fungi
  95 plants
134 creatures vanquished.

Grand Total: 576 creatures vanquished

Notes
Turn   | Place    | Note
-------+----------+-------------------------------------------
     0 | D:1      | boopmooplesden the Minotaur Fighter began the quest for the
                  | Orb.
     0 | D:1      | Reached XP level 1. HP: 19/19 MP: 0/0
   185 | D:1      | Reached XP level 2. HP: 27/27 MP: 1/1
   664 | D:1      | Identified a scroll of acquirement
   664 | D:1      | Acquired the +1 hat of the Serpent {rC+}
   990 | D:2      | Reached XP level 3. HP: 33/33 MP: 2/2
  1169 | D:2      | Noticed Sigmund
  1186 | D:2      | Killed Sigmund
  1187 | D:2      | Reached XP level 4. HP: 29/41 MP: 3/3
  1187 | D:2      | Reached XP level 5. HP: 34/47 MP: 4/4
  1248 | D:2      | Noticed Jessica
  1252 | D:2      | Killed Jessica
  1253 | D:2      | Reached skill level 5 in Armour
  1654 | D:3      | Found a faded altar of an unknown god.
  1805 | D:3      | Reached XP level 6. HP: 55/55 MP: 5/5
  1865 | D:3      | Found a glowing drain.
  1870 | Sewer    | Entered a sewer
  1911 | Sewer    | Reached skill level 5 in Fighting
  1911 | Sewer    | Reached skill level 5 in Polearms
  2128 | Sewer    | Reached skill level 1 in Dodging
  2128 | Sewer    | Reached skill level 5 in Shields
  2128 | Sewer    | Reached XP level 7. HP: 26/61 MP: 6/6
  2807 | D:4      | Found Wegymien's Jewellery Shop.
  2843 | D:4      | Reached skill level 1 in Stealth
  2843 | D:4      | Reached XP level 8. HP: 63/70 MP: 7/7
  3017 | D:4      | Noticed Edmund
  3044 | D:4      | Killed Edmund
  3115 | D:4      | Found a staircase to the Ecumenical Temple.
  3125 | Temple   | Entered the Ecumenical Temple
  3209 | Temple   | Became a worshipper of Trog the Wrathful
  3389 | D:5      | Entered Level 5 of the Dungeon
  3506 | D:5      | Noticed Pikel
  3511 | D:5      | Killed Pikel
  3557 | D:5      | Reached skill level 1 in Throwing
  3585 | D:5      | Reached XP level 9. HP: 13/78 MP: 8/8
  3729 | D:5      | Noticed Duvessa
  3734 | D:5      | Noticed Dowan
  3742 | D:5      | Killed Duvessa
  3756 | D:5      | Killed Dowan
  3957 | D:5      | Reached skill level 10 in Polearms
  4538 | D:6      | Reached * piety under Trog
  4666 | D:6      | Noticed Grinder
  4687 | D:6      | Killed Grinder
  4992 | D:6      | Noticed Eustachio
  5000 | D:6      | Killed Eustachio
  5027 | D:6      | Found a runed translucent door.
  5028 | D:6      | Noticed Crazy Yiuf
  5226 | D:6      | Killed Crazy Yiuf
  5310 | D:7      | Noticed Joseph
  5338 | D:7      | Killed Joseph
  5360 | D:7      | Reached XP level 10. HP: 86/86 MP: 9/9
  5644 | D:7      | Reached ** piety under Trog
  5850 | D:7      | Noticed Harold
  5864 | D:7      | Killed Harold
  5865 | D:7      | Reached skill level 10 in Armour
  5887 | D:7      | Noticed Prince Ribbit
  5908 | D:7      | Killed Prince Ribbit
  6681 | D:8      | Found a staircase to the Lair.
  7142 | D:8      | Found a stormy altar of Qazlal.
  7684 | D:9      | Found Naxzorec's Island Escapes.
  7991 | D:9      | Reached XP level 11. HP: 78/97 MP: 10/10
  8408 | D:10     | Entered Level 10 of the Dungeon
  8543 | D:10     | Reached *** piety under Trog
  9174 | D:11     | Reached skill level 10 in Fighting
  9324 | D:11     | Noticed a red ugly thing
  9339 | D:11     | Killed a red ugly thing
  9436 | D:11     | Noticed a seven-headed hydra
  9444 | D:11     | Killed a seven-headed hydra
  9921 | D:11     | Noticed a tengu warrior
  9952 | D:11     | Killed a tengu warrior
 10311 | D:4      | Bought the amulet "Ideehos" {Spirit rN+ Str+4 Int+3 Dex+3}
                  | for 622 gold pieces
 10449 | Lair:1   | Entered Level 1 of the Lair of Beasts
 10619 | Lair:1   | Reached XP level 12. HP: 93/108 MP: 9/11
 11086 | Lair:1   | Reached **** piety under Trog
 11087 | Lair:1   | Noticed Grum
 11556 | Lair:1   | Killed Grum
 11977 | Lair:1   | Identified the +0 robe of the Solstice {*Slow rPois MP+9
                  | Archmagi}
 11997 | Lair:2   | Found a hole to the Spider Nest.
 12399 | Lair:2   | Reached skill level 10 in Shields
 13349 | Lair:3   | Found a staircase to the Shoals.
 13490 | Lair:3   | Noticed a six-headed hydra
 13499 | Lair:3   | Killed a six-headed hydra
 13500 | Lair:3   | Reached skill level 15 in Polearms
 13644 | Lair:3   | Noticed a seven-headed hydra
 13655 | Lair:3   | Killed a seven-headed hydra
 14535 | Lair:4   | Reached XP level 13. HP: 119/119 MP: 10/12
 14638 | Lair:4   | Reached ***** piety under Trog
 15115 | Lair:4   | Identified the +0 whip "Demonslayer" {vorpal, Int+6}
 15430 | Lair:5   | Found a runed translucent door.
 15431 | Lair:5   | Found a viscous altar of Jiyva.
 15431 | Lair:5   | Noticed an acid blob
 15435 | Lair:5   | Noticed an acid blob
 15435 | Lair:5   | Noticed an acid blob
 15436 | Lair:5   | Found a staircase to the Slime Pits.
 15709 | Lair:6   | Entered Level 6 of the Lair of Beasts
 15900 | Lair:6   | Noticed a dire elephant
 15919 | Lair:6   | Killed a dire elephant
 16446 | Lair:6   | Identified the +0 robe of Fyedd {Str+4 Int+3}
 16824 | Lair:6   | Reached skill level 15 in Armour
 16828 | Lair:6   | Found the ring of the Octopus King
 16862 | Lair:6   | Identified a ring of the Octopus King {rF+ AC+1 EV+1 Str+1
                  | Int+1 Dex+1}
 17292 | Lair:6   | Received a gift from Trog
 18257 | D:12     | Found the +6 shillelagh "Devastator" {shatter}
 18347 | D:12     | Noticed Maurice
 18354 | D:12     | Killed Maurice
 18463 | D:12     | Identified the ring of Autumn {Fly rPois rF+ Int+3 Stlth+}
 18813 | D:12     | Noticed Nessos
 18836 | D:12     | Shot with an arrow by Nessos

Illustrated notes

Levels and vault maps discovered:
D:1:      saegor_arrival_simple_b, layout_basic, item_on_display_a
D:2:      layout_loops_ring, uniq_jessica, uniq_sigmund
D:3:      layout_rooms, dreamdust_ecumenical_altar_statues,
          portal_sewer_entry_e, minmay_misc_feat_cross
D:4:      layout_cave_pools, minmay_temple_entry_proselytizer, serial_shops,
          nicolae_shop_waterfront, grunt_ministairs_10, uniq_edmund
D:5:      layout_basic, uniq_pikel, uniq_duvessa
D:6:      layout_basic, lightli_orcish_oven, uniq_crazy_yiuf_cottage,
          uniq_grinder, uniq_eustachio
D:7:      layout_loops_ring, uniq_joseph, uniq_prince_ribbit1, uniq_harold
D:8:      layout_basic, grunt_qazlal_clouds, erik_lair_orcish_takeover
D:9:      layout_irregular_city, nicolae_island_escapes
D:10:     layout_long_grid
D:11:     layout_irregular_city, lightli_fourway_metalbox
D:12:     layout_grid_maze, orc_0_dummy, uniq_maurice, uniq_gastronok,
          uniq_nergalle, uniq_nessos
Temple:   mainiacjoe_temple_circle_huts
Lair:1:   layout_gridlike, serial_bayou_pond_e, gammafunk_lair_bear_cave,
          grunt_megastairs_3, uniq_grum
Lair:2:   layout_regular_city, dummy_spider_entry
Lair:3:   layout_regular_city, minmay_shoals_entry_lonely_mermaid
Lair:4:   layout_cave_shapes, serial_forest, infiniplex_forest_straight_4,
          infiniplex_forest_clump_medium, infiniplex_forest_side_room,
          infiniplex_forest_clump_small, infiniplex_forest_zigzag_1,
          infiniplex_forest_straight_2
Lair:5:   layout_misc_corridors, slime_altar_2, infiniplex_staircase_pool_2
Lair:6:   gammafunk_lair_ancient_temple, layout_cave_pods, disabler_island

Skill      XL: |  1  2  3  4  5  6  7  8  9 10 11 12 13 |
---------------+----------------------------------------+-----
Fighting       | 4 5 6 7 9 10 12 14 | 14.1
Armour         | 4 5 6 7 9 11 12 14 15 | 15.4
Shields        | 4 5 6 7 8 9 10 13 | 13.2
Polearms       | 4 6 7 9 11 12 14 15 | 15.6
Dodging        | 1 2 3 4 |  4.2
Stealth        | 1 2 |  2.6
Throwing       | 1 |  1.1

Action                   |  1- 3 |  4- 6 |  7- 9 | 10-12 | 13-15 || total
-------------------------+-------+-------+-------+-------+-------++-------
Melee: Trident           |    67 |    84 |   402 |   682 |   346 ||  1581
       Headbutt          |    10 |    15 |    68 |   162 |    78 ||   333
Throw: Dart              |       |       |     4 |     2 |       ||     6
Invok: Berserk           |       |       |     2 |    14 |     5 ||    21
Evoke: Lightning rod     |       |       |       |     1 |       ||     1
  Use: Scroll            |     4 |       |    11 |    15 |     7 ||    37
       Potion            |     1 |       |     1 |     3 |       ||     5
Armor: Scale mail        |    41 |     1 |       |       |       ||    42
       Chain mail        |       |    45 |   205 |    83 |       ||   333
       Plate armour      |       |       |       |   305 |   213 ||   518
Dodge: Dodged            |    38 |    30 |   113 |   246 |   114 ||   541
Block: Buckler           |    20 |    24 |   113 |   259 |   151 ||   567
